 Dungeon Crawl Stone Soup version 0.28-a0-1404-g4df0f3684d (webtiles) character file.

Game seed: 350609489658060143

2836 HallandMoats the Skirmisher (level 10, -2/85 HPs)
             Began as a Formicid Fighter on Jan 6, 2022.
             Was a Priest of Ashenzari.
             Killed by vampiric draining
             ... invoked by a vampire
              (8 damage)
             ... on level 6 of the Dungeon.
             The game lasted 00:08:27 (6212 turns).

HallandMoats the Skirmisher (Formicid Fighter)      Turns: 6212, Time: 00:08:28

Health: -2/85      AC: 14    Str: 22      XL:     10   Next: 3%
Magic:  14/14      EV: 13    Int:  7      God:    Ashenzari [***...]
Gold:   354        SH: 11    Dex: 12 (14) Spells: 9/9 levels left

rFire   . . .      SeeInvis +   a - +2 war axe (pain)
rCold   . . .      Faith    .   c - +0 buckler of the Elysian Portent {Melee, Self} (curse)
rNeg    + . .      Spirit   .   l - +0 chain mail "Sorrow of the Empyrean" {rN+, Fort, Evo} (curse)
rPois   +          Reflect  +   (helmet unavailable)
rElec   .          Harm     .   (no cloak)
rCorr   .          Rampage  .   q - +0 pair of gloves
Will    +....      Clarity  +   m - +0 pair of boots
Stlth   ..........              o - amulet "Per Aspera Ad Scientiam" {Reflect SH+5, Self, Fort} (curse)
HPRegen 0.24/turn               j - ring "Omniscient Restlessness" {EV+4, Elem, Alch} (curse)
MPRegen 0.14/turn               u - ring of poison resistance

@: mighty
A: permanent stasis, dig shafts and tunnels, antennae 3, four strong arms
a: Dig, Shaft Self, Renounce Religion, Shatter the Chains


You were on level 6 of the Dungeon.
You worshipped Ashenzari.
Ashenzari was most pleased with you.
You visited 1 branch of the dungeon, and saw 6 of its levels.

You collected 354 gold pieces.

Inventory:

Hand Weapons
 a - a +2 war axe of pain (weapon)
 b - a +2 whip of venom
Missiles
 g - a throwing net (quivered)
Armour
 c - the cursed +0 buckler of the Elysian Portent (worn) {Melee, Self}

   It has a curse which improves the following skills: Melee Combat: Short
   Blades, Long Blades, Axes, Maces & Flails, Polearms, Staves and Unarmed
   Combat.
   Introspection: Fighting and Spellcasting.
 l - the cursed +0 chain mail "Sorrow of the Empyrean" (worn) {rN+, Fort, Evo}
   (You found it on level 2 of the Dungeon)

   It has a curse which improves the following skills: Fortitude: Armour and
   Shields.
   Evocations: Evocations.
 m - a +0 pair of boots (worn)
 q - a +0 pair of gloves (worn)
 t - a +3 leather armour of poison resistance
Jewellery
 j - the cursed ring "Omniscient Restlessness" (left hand) {EV+4, Elem, Alch}
   (You found it on level 1 of the Dungeon)

   [ring of evasion]

   EV:        It affects your evasion (+4).
   It has a curse which improves the following skills: Elements: Fire Magic, Ice
   Magic, Air Magic and Earth Magic.
   Alchemy:   Poison Magic and Transmutations.
 o - the cursed amulet "Per Aspera Ad Scientiam" (around neck) {Reflect SH+5, Self, Fort}
   (You found it on level 3 of the Dungeon)

   [amulet of reflection]

   It reflects blocked missile attacks.
   SH:        It affects your SH (+5).
   It has a curse which improves the following skills: Introspection: Fighting
   and Spellcasting.
   Fortitude: Armour and Shields.
 u - a ring of poison resistance (right hand)
Wands
 p - a wand of iceblast (20)
 r - a wand of charming (6)
Scrolls
 d - 2 scrolls of fear
 e - a scroll of magic mapping
 h - 2 scrolls of amnesia
 v - a scroll of holy word
Potions
 f - a potion of invisibility
 i - a potion of curing
 k - a potion of might
 n - a potion of brilliance
 s - a potion of resistance


   Skills:
 * Level 7.3(9.8) Fighting
 * Level 6.3(8.0) Axes
 * Level 7.3(9.8) Armour
 + Level 3.6 Dodging
 - Level 6.3(8.8) Shields
 * Level 5.9 Invocations


You had 9 spell levels left.
You didn't know any spells.
Your spell library contained the following spells:

 Spells                   Type           Power      Damage    Failure   Level
 Borgnjor's Revivificati  Necr           0%         N/A       100%        8
 Necromutation            Tmut/Necr      0%         N/A       100%        8
 Death's Door             Necr           0%         N/A       100%        9


Dungeon Overview and Level Annotations

Branches:
Dungeon (6/15)
 Temple: D:4-7

Altars:
Ashenzari
Elyvilon
Zin

Shops:
D:3 (


Innate Abilities, Weirdness & Mutations

You cannot be hasted, slowed, berserked, paralysed or teleported.
You can dig through walls and to a lower floor.
You have a pair of large antennae on your head. (SInv)
Your four strong arms can wield two-handed weapons with a shield.


Message History

You hit the vampire.
The vampire is severely damaged.
The vampire barely misses you. You block the vampire's attack.
You hit the vampire.
The vampire is almost destroyed.
The vampire draws life force from you!
* * * LOW HITPOINT WARNING * * *
The vampire is healed by the life force!
The vampire hits you but does no damage.
The vampire completely misses you.
You feel better. The vampire draws life force from you!
* * * LOW HITPOINT WARNING * * *
The vampire is healed by the life force!
You feel very mighty all of a sudden. The vampire closely misses you.
The vampire barely misses you.
You barely miss the vampire.
The vampire is heavily damaged.
You block the vampire's attack. The vampire completely misses you.
You hit the vampire.
The vampire is severely damaged.
The vampire draws life force from you.
* * * LOW HITPOINT WARNING * * *
The vampire is healed by the life force!
You barely miss the vampire.
The vampire is heavily damaged.
The vampire draws life force from you.
* * * LOW HITPOINT WARNING * * *
The vampire is healed by the life force!
You slash the vampire!
The vampire is severely damaged.
The vampire draws life force from you.
* * * LOW HITPOINT WARNING * * *
The vampire is healed by the life force!
You hit the vampire.
The vampire is almost destroyed.
You block the vampire's attack. x2
You barely miss the vampire.
The vampire is almost destroyed.
The vampire draws life force from you!
You die...

, * ,, ,, #,
#..**
#...####### *
#=.V@...#### *
#######....# ,,
######.## ,
#....#..## , ,
#....##..# ,
#....###.## . ,
#.....##..# .[.
###.......#.#
.... *
####.#....##.#.#


You could see a vampire.

Vanquished Creatures
  Pikel (D:6)
  Maggie (D:6)
  Prince Ribbit (D:5)
  Eustachio (D:6)
  A steam dragon (D:5)
  A water moccasin (D:4)
  2 ice beasts (D:6)
  A black bear (D:5)
  An ogre (D:5)
  2 necrophages
  A phantom (D:5)
  Blork the orc (D:5)
  2 scorpions
  A bullfrog zombie (D:6)
  A centaur zombie (D:3)
  3 hounds
  A gnoll shaman (D:5)
  A jelly (D:5)
  2 orc priests
  2 iguanas (D:6)
  Ijyb (D:5)
  Natasha (thrice) (D:4)
  2 orc wizards
  8 adders
  14 gnolls
  An ufetubus (D:6)
  An adder skeleton (D:4)
  A worm (D:3)
  2 dart slugs (D:1)
  7 orcs
  10 ball pythons
  6 bats
  7 endoplasms
  2 giant cockroaches (D:3)
  5 goblins
  3 hobgoblins
  6 kobolds
  5 quokkas
  A frilled lizard (D:3)
  2 rats
114 creatures vanquished.

Notes
Turn   | Place    | Note
-------+----------+-------------------------------------------
     0 | D:1      | HallandMoats the Formicid Fighter began the quest for the
                  | Orb.
     0 | D:1      | Reached XP level 1. HP: 18/18 MP: 1/1
     6 | D:1      | Noticed an anaconda
     6 | D:1      | Noticed a hound
     6 | D:1      | Noticed a swamp drake
     7 | D:1      | Noticed a lindwurm
     7 | D:1      | Noticed a polar bear
   145 | D:1      | Reached XP level 2. HP: 24/24 MP: 2/2
   534 | D:1      | Found a faded altar of an unknown god.
   746 | D:2      | Reached XP level 3. HP: 29/29 MP: 3/3
   753 | D:2      | Noticed a scorpion
   760 | D:2      | Killed a scorpion
   761 | D:2      | Reached skill level 1 in Invocations
   761 | D:2      | Reached XP level 4. HP: 4/37 MP: 4/4
  1446 | D:2      | Found a white marble altar of Elyvilon.
  1859 | D:2      | Reached XP level 5. HP: 42/42 MP: 5/5
  1908 | D:3      | Found a faded altar of an unknown god.
  1912 | D:3      | Found a glowing silver altar of Zin.
  1931 | D:3      | Prayed at the altar of an unknown god.
  1931 | D:3      | Became a worshipper of Ashenzari the Shackled
  1970 | D:3      | Reached skill level 1 in Dodging
  2222 | D:3      | Reached XP level 6. HP: 40/48 MP: 7/7
  2297 | D:3      | Found Siocrotz's Weapon Shop.
  2774 | D:3      | Reached * piety under Ashenzari
  3054 | D:4      | Reached skill level 5 in Shields
  3192 | D:4      | Reached XP level 7. HP: 56/56 MP: 8/8
  3245 | D:4      | Noticed a water moccasin
  3262 | D:4      | Killed a water moccasin
  3508 | D:4      | Noticed Natasha
  3515 | D:4      | Killed Natasha
  3687 | D:4      | Noticed Natasha
  3695 | D:4      | Killed Natasha
  3744 | D:4      | Noticed Natasha
  3756 | D:4      | Killed Natasha
  3762 | D:5      | Entered Level 5 of the Dungeon
  3762 | D:5      | Noticed a steam dragon
  3771 | D:5      | Killed a steam dragon
  3772 | D:5      | Reached skill level 5 in Fighting
  3772 | D:5      | Reached skill level 5 in Armour
  3780 | D:5      | Reached XP level 8. HP: 39/64 MP: 8/10
  3990 | D:5      | Noticed Blork the orc
  4100 | D:5      | Noticed Prince Ribbit
  4111 | D:5      | Killed Prince Ribbit
  4274 | D:5      | Reached ** piety under Ashenzari
  4279 | D:5      | Noticed Ijyb
  4289 | D:5      | Killed Ijyb
  4600 | D:5      | Reached skill level 5 in Axes
  4632 | D:5      | Reached XP level 9. HP: 47/74 MP: 11/11
  4686 | D:5      | Killed Blork the orc
  5338 | D:5      | Identified the +1 robe of Qohuu {rC+ Will- Dex+4}
  5600 | D:6      | Reached *** piety under Ashenzari
  5694 | D:6      | Noticed Maggie
  5715 | D:6      | Killed Maggie
  5716 | D:6      | Reached skill level 5 in Invocations
  5930 | D:6      | Noticed Pikel
  5947 | D:6      | Killed Pikel
  6027 | D:6      | Noticed Eustachio
  6056 | D:6      | Killed Eustachio
  6057 | D:6      | Reached XP level 10. HP: 62/85 MP: 14/14
  6212 | D:6      | Killed from afar by a vampire

Illustrated notes

Levels and vault maps discovered:
D:1:      onia_arrival_zoo_common, layout_loops_ring,
          ebering_ecumenical_altar_rust, minmay_close_crescents
D:2:      layout_loops_corners, basic_altar, st_stairs_2, minmay_domino_2
D:3:      layout_basic, nicolae_overflow_ecumenical_swirl, serial_shops,
          nicolae_shop_behind_doors, cheibrodos_sewer_entry_bend
D:4:      layout_rooms, uniq_natasha
D:5:      layout_loops_cross, serial_co_window_serial, co_window_corner_a,
          co_window_of_opportunity_a, co_window_corner_a, co_window_cross_1,
          co_window_paths_b, co_window_2corner, co_window_corner_b,
          co_window_broadway_a, co_window_corner_b, co_window_2corner,
          co_window_corner_ca, glass_columns_b, glass_columns_a,
          corexii_checkpoint_a, uniq_blork_the_orc, uniq_ijyb,
          uniq_prince_ribbit1
D:6:      layout_rooms, uniq_maggie, uniq_pikel, uniq_eustachio

Skill      XL: |  1  2  3  4  5  6  7  8  9 |
---------------+----------------------------+-----
Shields        | 4 5 6 |  6.3
Invocations    | 1 2 3 5 |  5.9
Armour         | 4 5 6 7 |  7.3
Fighting       | 4 5 6 7 |  7.3
Dodging        | 1 2 3 |  3.6
Axes           | 3 4 5 6 |  6.3

Action                   |  1- 3 |  4- 6 |  7- 9 | 10-12 || total
-------------------------+-------+-------+-------+-------++-------
Melee: War axe           |    39 |   108 |    12 |    14 ||   173
       Whip              |       |    42 |   309 |    25 ||   376
Invok: Curse Item        |       |     2 |     2 |       ||     4
  Use: Potion            |     1 |       |       |     2 ||     3
Armor: Scale mail        |    14 |     2 |       |       ||    16
       Chain mail        |       |    79 |   108 |    10 ||   197
Dodge: Dodged            |    16 |    74 |   182 |    21 ||   293
Block: Buckler           |    11 |    59 |   182 |    23 ||   275
       Reflection        |       |     2 |       |       ||     2

Table legend: (Time is in decaauts)
 A = Elapsed time spent in this place.
 B = Non-inter-level travel time spent in this place.
 C = Inter-level travel time spent in this place.
 D = Time resting spent in this place.
 E = Time spent auto-exploring this place.
 F = Levels seen in this place.
 G = Mean time per level.
                   A        B        C        D        E       F      G
               +--------+--------+--------+--------+--------+-----+--------+
         Total |   6270 |   6161 |    109 |   1011 |   3994 |   6 | 1045.0 |
       Dungeon |   6270 |   6161 |    109 |   1011 |   3994 |   6 | 1045.0 |
               +--------+--------+--------+--------+--------+-----+--------+

Top non-repeatable levels by time:
     D:5: 1820 daAuts
     D:2: 1168 daAuts
     D:3: 990 daAuts
     D:4: 932 daAuts
     D:1: 736 daAuts
     D:6: 622 daAuts
